AoeStats
← pelder787

Nomad

507992757Analyzed
3v3 RM · 12d ago on Sep 20, 2026· 42m 19s· 6 players
Game mode
Random Map
Map size
210×210
Population
200
Speed
Normal
Resources
Standard
Victory
Conquest
Starting age
Dark Age
Ending age
Imperial Age
RankedLock teamsTeams togetherTeam positionsShared explorationLock speedFull tech treeHidden civsTurbo modeCheats
Victory
Defeat
🇻🇳 Persians · Vietnam
985
+18
🇨🇱 Armenians · Chile
980
+19
🇻🇳 Jurchens · Vietnam
973
+19
🇺🇸 Poles · United States
1074
-20
🇺🇸 Cumans · United States
1018
-18
🇺🇸 Portuguese · United States
1018
-18
weritox69
5:15 Loom
14:47 Feudal Age
15:23 Double-Bit Axe
15:29 Gold Mining
17:38 Stone Mining
20:15 Castle Age
20:08 Fishing Lines
21:24 Wheelbarrow
21:14 Bow Saw
22:09 Town Watch
23:52 Gillnets
24:37 Town Patrol
25:41 Hand Cart
26:07 Gold Shaft Mining
32:46 Imperial Age
30:09 Fletching
30:44 Ballistics
31:19 Bodkin Arrow
31:25 Padded Archer Armor
32:26 Masonry
32:27 Fortified Wall
33:58 Conscription
33:00 Elite Composite Bowman
35:31 Chemistry
34:59 Heated Shot
36:45 Bracer
37:01 Leather Archer Armor
Soimeomeo
14:26 Feudal Age
19:01 Castle Age
17:49 Stone Mining
18:49 Double-Bit Axe
19:20 Bloodlines
20:27 Bow Saw
20:21 Fishing Lines
32:20 Gold Mining
dohoaan1801
6:57 Loom
14:53 Feudal Age
15:25 Double-Bit Axe
17:12 Fishing Lines
20:08 Castle Age
18:02 Fishing Lines
19:22 Bloodlines
19:48 Gold Mining
20:43 Scale Barding Armor
20:32 Gillnets
21:07 Husbandry
22:39 Forging
25:02 Wheelbarrow
26:56 Gold Shaft Mining
27:15 Chain Barding Armor
28:03 Iron Casting
30:05 Horse Collar
33:03 Hand Cart
32:58 Fletching
38:32 Imperial Age
37:11 Bodkin Arrow
38:14 Cavalier
39:31 Plate Barding Armor
41:03 Blast Furnace
Barko
10:13 Loom
13:39 Feudal Age
14:27 Fishing Lines
18:35 Castle Age
16:34 Fishing Lines
18:41 Double-Bit Axe
18:42 Horse Collar
19:17 Gold Mining
19:43 Scale Barding Armor
20:12 Bow Saw
20:04 Heavy Plow
21:03 Bloodlines
20:54 Husbandry
22:20 Szlachta Privileges
23:42 Forging
25:19 Scale Mail Armor
27:50 Fletching
29:33 Sanctity
33:14 Chain Barding Armor
33:21 Gillnets
38:50 Iron Casting
42:31 Wheelbarrow
MisterBinks
7:48 Loom
14:28 Feudal Age
19:37 Castle Age
31:11 Demolition Ship
31:32 Fishing Lines
37:29 Double-Bit Axe
pelder787
12:08 Loom
14:15 Feudal Age
17:03 Double-Bit Axe
22:02 Castle Age
21:19 Scale Barding Armor
21:25 Forging
22:33 Bloodlines
22:29 Stone Mining
24:29 Pikeman
26:12 Husbandry
28:36 Bow Saw
33:36 Medium Warships
35:41 Scale Mail Armor
38:45 Padded Archer Armor
38:36 Fletching
39:02 Chain Mail Armor
38:20 Elite Skirmisher
40:27 Gold Mining
41:13 Stone Shaft Mining
41:46 Leather Archer Armor
Connection lost

Rejoining the realm…

Still unreachable

The connection could not be restored.

Session expired

The server has moved on; the page needs a fresh start.